 Dungeon Crawl Stone Soup version 0.23.2-1-ga50397a6bc (webtiles) character file.

Game seed: 7395176948128252070

251 Mrkan the Ruffian (level 5, -6/53 HPs)
             Began as a Troll Hunter on May 19, 2019.
             Mangled by a phantom (7 damage)
             ... on level 6 of the Dungeon.
             The game lasted 00:05:08 (2789 turns).

Mrkan the Ruffian (Troll Hunter)                    Turns: 2789, Time: 00:05:09

Health: -6/53      AC:  6    Str: 21    XL:     5   Next: 88%
Magic:  4/4        EV: 10    Int:  7    God:
Gold:   113        SH:  0    Dex: 10    Spells: 4/4 levels left

rFire    . . .     SeeInvis .     - Unarmed
rCold    . . .     Gourm    +   (no shield)
rNeg     . . .     Faith    .   b - +0 robe
rPois    .         Spirit   .   (helmet restricted)
rElec    .         Reflect  .   (no cloak)
rCorr    .         Harm     .   (gloves unavailable)
MR       .....                  (boots unavailable)
Stlth    +.........             (no amulet)
HPRegen  0.57/turn              (no ring)
MPRegen  0.09/turn              (no ring)

@: no status effects
A: large, unfitting armour, claws 3, fast metabolism 3, gourmand, regeneration
1, shaggy fur 1, tough skin 3
a: no special abilities


You were on level 6 of the Dungeon.
You were very hungry.

You visited 1 branch of the dungeon, and saw 4 of its levels.

You collected 113 gold pieces.

Inventory:

Missiles
 c - 5 large rocks (quivered)
 d - 3 throwing nets
Armour
 b - a +0 robe (worn)
Jewellery
 j - a cursed -4 ring of slaying {unknown}
 s - a cursed ring of attention {unknown}
Scrolls
 a - a scroll of random uselessness {unknown}
 e - a scroll of blinking {unknown}
 g - a scroll of fear {unknown}
 k - 2 scrolls of identify {unknown}
 l - a scroll of enchant armour {unknown}
 n - 2 scrolls of fog {unknown}
 o - a scroll of remove curse {unknown}
 q - a scroll of teleportation {unknown}
Potions
 h - a potion of degeneration {unknown}
 i - a potion of curing {unknown}
 m - a potion of flight {unknown}
 p - 2 potions of heal wounds {unknown}
 r - 2 potions of brilliance {unknown}
 t - a potion of ambrosia {unknown}
Comestibles
 f - 4 rations


   Skills:
 + Level 3.3 Fighting
 - Level 4.0 Throwing
 - Level 1.5 Dodging
 - Level 0.3 Stealth
 * Level 4.1 Unarmed Combat


You had 4 spell levels left.
You didn't know any spells.
Your spell library was empty.

Dungeon Overview and Level Annotations

Branches:
Dungeon (3/15)             Temple (0/1) D:6

Altars:
Fedhas
Kikubaaqudgha

Annotations:
D:6 Menkaure


Innate Abilities, Weirdness & Mutations

You are too large for most types of armour.
You have claws for hands.
Your metabolism is lightning-fast.
You like to eat raw meat.
Your natural rate of healing is unusually fast.
You are covered in fur. (AC +1)
You have extremely tough skin. (AC +3)


Message History

Menkaure calls on the powers of darkness!
The ogre convulses!
The gnoll convulses!
Something is bathed in an unholy light!
Your body is wracked with pain!
* * * LOW HITPOINT WARNING * * *
The phantom hits you.
* * * LOW HITPOINT WARNING * * *
The phantom blinks!
The phantom blinks!
The gnoll hits you from afar with a cursed +0 spear.
* * * LOW HITPOINT WARNING * * *
The phantom hits you but does no damage.
Menkaure is no longer moving quickly.
The phantom blinks!
Menkaure casts a spell.
Menkaure seems to speed up.
You claw the phantom!
The phantom is moderately damaged.
The gnoll hits you from afar with a cursed +0 spear.
* * * LOW HITPOINT WARNING * * *
The phantom hits you!
You die...

## ##g#
#...$###
..## #.##
##..$...
...# #O.##
######. #..#
#...# ##
#..## #...#
#..###...#
#...O..##
##§.gM..#
#.@.....#
#.W####..#
###### ....#
##..# #.....
#.... ##.#
#.#### #...
## #.# #..#
#g# #.#
###.### #.
###O###
######⌠.⌠###


You could see a phantom, an ogre, Menkaure and a gnoll.

Vanquished Creatures
  An orc priest (D:3)
  A hound (D:6)
  Jessica (D:3)
  Robin (D:3)
  A gnoll (D:6)
  5 adders (D:2)
  An ooze (D:1)
  3 worms (D:2)
  3 dart slugs
  2 leopard geckos (D:6)
  3 orcs
  A ball python (D:2)
  7 bats
  4 giant cockroaches
  9 hobgoblins
  A jackal (D:2)
  A quokka (D:2)
  6 frilled lizards
  16 goblins
  6 kobolds
  5 rats
78 creatures vanquished.

Vanquished Creatures (others)
  4 toadstools (D:1)
4 creatures vanquished.

Grand Total: 82 creatures vanquished

Notes
Turn   | Place    | Note
-------+----------+-------------------------------------------
     0 | D:1      | Mrkan the Troll Hunter began the quest for the Orb.
     0 | D:1      | Reached XP level 1. HP: 19/19 MP: 0/0
   146 | D:1      | Reached XP level 2. HP: 25/28 MP: 1/1
   924 | D:2      | Found a blossoming altar of Fedhas.
  1024 | D:2      | Reached XP level 3. HP: 11/35 MP: 2/2
  1136 | D:2      | Reached skill level 1 in Unarmed Combat
  1396 | D:2      | Reached XP level 4. HP: 38/44 MP: 3/3
  1744 | D:2      | Found an ancient bone altar of Kikubaaqudgha.
  2378 | D:3      | Noticed Robin
  2401 | D:3      | Killed Robin
  2403 | D:3      | Reached XP level 5. HP: 27/52 MP: 4/4
  2488 | D:3      | Noticed Jessica
  2492 | D:3      | Killed Jessica
  2548 | D:3      | You fall through a shaft for 3 floors!
  2674 | D:6      | Noticed an ogre
  2700 | D:6      | Found a staircase to the Ecumenical Temple.
  2748 | D:6      | Noticed Menkaure
  2754 | D:6      | Noticed a phantom
  2789 | D:6      | HP: 1/53 [gnoll/cursed +0 spear (6)]
  2789 | D:6      | Mangled by a phantom

Skill      XL: |  1  2  3  4  5 |
---------------+----------------+-----
Fighting       | 2 3 |  3.3
Throwing       | 4 |  4.0
Unarmed Combat | 2 3 4 |  4.1
Dodging        | |  1.5
Stealth        | |  0.3

Action                   |  1- 3 |  4- 6 || total
-------------------------+-------+-------++-------
Melee: Unarmed           |   135 |   124 ||   259
 Stab: Sleeping          |     1 |       ||     1
  Eat: Chunk             |     7 |     5 ||    12
       Ration            |     1 |     2 ||     3
Armor: Robe              |    79 |    47 ||   126
Dodge: Dodged            |    92 |    69 ||   161
